 Dungeon Crawl Stone Soup version 0.30.1-9-gdf580d7c3d (webtiles) character file.

Game seed: 3939010545833969213

419 archibot the Digger (level 6, -3/32 HPs)
             Began as a Gargoyle Earth Elementalist on Oct 21, 2023.
             Slain by Edmund
             ... wielding a +1 dire flail of protection
              (11 damage)
             ... on level 4 of the Dungeon.
             The game lasted 00:14:23 (2987 turns).

archibot the Digger (Gargoyle Earth Elementalist)   Turns: 2987, Time: 00:14:23

Health: -3/32      AC:  7    Str: 11    XL:     6   Next: 93%
Magic:  3/12       EV: 12    Int: 18    God:
Gold:   114        SH:  0    Dex: 10    Spells: 7/14 levels left

rFire   . . .        (no weapon)
rCold   + . .        (no shield)
rNeg    + . .        a - +1 robe
rPois   ∞            (no helmet)
rElec   +            (no cloak)
rCorr   .            (no gloves)
SInv    .            (no boots)
Will    .....        (no amulet)
Stlth   ++           h - ring of ice
HPRegen 0.25/turn    o - ring of protection from fire
MPRegen 0.13/turn

%: no passive effects
@: very slightly contaminated
A: sickness immunity, AC +4, negative energy resistance 1, electricity
resistance, torment resistance 1, petrification resistance
a: no special abilities


You were on level 4 of the Dungeon.
You visited 1 branch of the dungeon, and saw 4 of its levels.

You collected 114 gold pieces.

Inventory:

Hand Weapons
 j - a +0 scythe
 p - the +5 dagger of Exhibitionism {antimagic, rC++ Str-4}
   (You found it on level 2 of the Dungeon)

   Str:       It affects your strength (-4).
   rC:        It greatly protects you from cold.
Missiles
 g - 5 atropa-tipped darts
Armour
 a - a +1 robe (worn)
 f - a +0 pair of gloves
 l - a +0 animal skin
Jewellery
 h - a ring of ice (left hand)
 o - a ring of protection from fire (right hand)
Wands
 v - a wand of paralysis (6)
Scrolls
 e - 3 scrolls of enchant armour
 i - 2 scrolls of torment {unknown}
 k - a scroll of brand weapon {unknown}
 n - 2 scrolls of poison {unknown}
 q - 3 scrolls of acquirement {unknown}
 r - a scroll of fear {unknown}
 s - 2 scrolls of identify
 u - a scroll of amnesia {unknown}
 w - a scroll of teleportation {unknown}
Potions
 b - a potion of magic
 c - a potion of heal wounds
 d - 2 potions of curing
 m - 2 potions of flight {unknown}
 t - a potion of resistance {unknown}


   Skills:
 + Level 0.2 Fighting
 + Level 2.3 Dodging
 + Level 3.0 Stealth
 + Level 0.8 Unarmed Combat
 + Level 4.5 Spellcasting
 + Level 0.4 Summonings
 + Level 0.8 Transmutations
 + Level 5.9 Earth Magic


You had 7 spell levels left.
You knew the following spells:

 Your Spells              Type           Power      Damage    Failure   Level
a - Sandblast             Erth           50%        2d12      1%          1
b - Summon Small Mammal   Summ           20%        N/A       12%         1
c - Stone Arrow           Conj/Erth      28%        3d8       12%         3
d - Passwall              Tmut/Erth      13%        N/A       5%          2

Your spell library contained the following spells:

 Spells                   Type           Power      Damage    Failure   Level
 Foxfire                  Conj/Fire      16%        2x1d4     14%         1
 Freeze                   Ice            24%        1d4       14%         1
 Call Canine Familiar     Summ           5%         N/A       34%         3
 Petrify                  Tmut/Erth      16%        N/A       34%         4
 Summon Guardian Golem    Hex/Summ       4%         N/A       36%         3
 Frozen Ramparts          Ice            12%        1d2       38%         3
 Hailstorm                Conj/Ice       6%         3d4       38%         3
 Fireball                 Conj/Fire      2%         3d4       98%         5
 Plasma Beam              Fire/Air       2%         2x1d13    100%        6
 Starburst                Conj/Fire      2%         6d3       100%        6


Dungeon Overview and Level Annotations

Branches:
Dungeon (4/15)
 Temple: D:4-7

Altars:

Annotations:
D:4 Edmund


Innate Abilities, Weirdness & Mutations

You are immune to sickness and miasma.
Your stone body is resilient. (AC +4)
You are immune to poison.
You resist negative energy. (rN+)
You are resistant to electric shocks. (rElec)
You are resistant to unholy torment.
You are immune to petrification.


Message History

You kill the ball python!
Edmund barely misses you.
Unknown command.
Casting: Sandblast (safe; 1% risk of failure)
Confirm with . or Enter, or press ? or * to list all spells.
Aiming: Sandblast (safe; 1% risk of failure)
Press: ? - help, Shift-Dir - straight line, f/p - Edmund
Aim: Edmund, wielding a +1 dire flail of protection and wearing a +0 scale mail (lightly wounded, 85% to hit)
The blast of sand hits Edmund but does no damage.
Edmund is lightly wounded.
Edmund hits you but does no damage.
Casting: Sandblast (safe; 1% risk of failure)
Confirm with . or Enter, or press ? or * to list all spells.
Aiming: Sandblast (safe; 1% risk of failure)
Press: ? - help, Shift-Dir - straight line, f/p - Edmund
Aim: Edmund, wielding a +1 dire flail of protection and wearing a +0 scale mail (lightly wounded, 85% to hit)
The blast of sand hits Edmund.
Edmund is lightly wounded.
Edmund barely misses you. Edmund closely misses you.
Casting: Sandblast (safe; 1% risk of failure)
Confirm with . or Enter, or press ? or * to list all spells.
Aiming: Sandblast (safe; 1% risk of failure)
Press: ? - help, Shift-Dir - straight line, f/p - Edmund
Aim: Edmund, wielding a +1 dire flail of protection and wearing a +0 scale mail (lightly wounded, 85% to hit)
The blast of sand hits Edmund but does no damage.
Edmund is lightly wounded.
Edmund barely misses you.
Casting: Sandblast (safe; 1% risk of failure)
Confirm with . or Enter, or press ? or * to list all spells.
Aiming: Sandblast (safe; 1% risk of failure)
Press: ? - help, Shift-Dir - straight line, f/p - Edmund
Aim: Edmund, wielding a +1 dire flail of protection and wearing a +0 scale mail (lightly wounded, 85% to hit)
The blast of sand hits Edmund but does no damage.
Edmund is lightly wounded.
Edmund hits you with a +1 dire flail of protection!
Edmund hits you with a +1 dire flail of protection.
* * * LOW HITPOINT WARNING * * *
Edmund attacks as you move away!
Edmund hits you with a +1 dire flail of protection!
You die...

### ..# ## #.# # #.##.##
.^ ..... #.#.# #..#
......##.#######
#..!.@@....##
......##.####...## #.#..
...###.#.#.##
.>......##.##....#
####...#####.#############
##....................#
..#####.##.####.####.# ##.
#.##.#).#.#..#.#
#..#.#..'.'..#.#


You could see Edmund.

Vanquished Creatures
  Sigmund (D:2)
  A scorpion (D:4)
  Ijyb (D:3)
  Terence (D:2)
  An orc wizard (D:3)
  Robin (D:2)
  4 adders
  A worm (D:2)
  2 dart slugs
  7 orcs
  8 endoplasms
  3 giant cockroaches
  10 goblins
  10 hobgoblins
  3 quokkas
  3 ball pythons
  3 bats
  5 frilled lizards
  3 kobolds
  3 rats (D:1)
71 creatures vanquished.

Notes
Turn   | Place    | Note
-------+----------+-------------------------------------------
     0 | D:1      | archibot the Gargoyle Earth Elementalist began the quest
                  | for the Orb.
     0 | D:1      | Reached XP level 1. HP: 10/10 MP: 3/3
   115 | D:1      | Reached skill level 4 in Earth Magic
   115 | D:1      | Reached XP level 2. HP: 15/15 MP: 3/5
   117 | D:1      | Learned a level 1 spell: Summon Small Mammal
   690 | D:2      | Reached XP level 3. HP: 19/19 MP: 3/6
   773 | D:2      | Noticed Sigmund
   782 | D:2      | Killed Sigmund
   783 | D:2      | Reached skill level 5 in Earth Magic
   783 | D:2      | Reached XP level 4. HP: 22/24 MP: 1/9
   783 | D:2      | Reached XP level 5. HP: 26/28 MP: 1/10
   932 | D:2      | Noticed Robin
   951 | D:2      | Killed Robin
  1113 | D:2      | Noticed Terence
  1117 | D:2      | Killed Terence
  1118 | D:2      | Reached XP level 6. HP: 32/32 MP: 9/12
  1153 | D:2      | Learned a level 3 spell: Stone Arrow
  1415 | D:2      | Learned a level 2 spell: Passwall
  1665 | D:2      | Identified the +5 dagger of Exhibitionism {antimagic, rC++
                  | Str-4}
  1958 | D:3      | Found a faded altar of an unknown god.
  2403 | D:3      | Noticed Ijyb
  2404 | D:3      | Paralysed by Ijyb for 4 turns
  2410 | D:3      | Killed Ijyb
  2971 | D:4      | Noticed Edmund
  2987 | D:4      | Slain by Edmund

Illustrated notes

Levels and vault maps discovered:
D:1:      doesnt_arrival_eight_statues, layout_basic
D:2:      layout_loops_ring, serial_bayou_lagoon_a, uniq_robin, uniq_sigmund,
          uniq_terence
D:3:      layout_loops_ring, shapermc_ecumenical_altar_totnotflames,
          minmay_misc_feat_diagonals, grunt_decor_arrowhead, uniq_ijyb
D:4:      minmay_door_path, layout_loops_ring,
          mainiacjoe_overflow_cross_hatched,
          nicolae_hepliaklqana_ecumenical_no_more, st_stairs_2, uniq_edmund

Skill      XL: |  1  2  3  4  5 |
---------------+----------------+-----
Earth Magic    | 4 5 |  5.9
Dodging        | 2 |  2.3
Spellcasting   | 3 4 |  4.5
Stealth        | 3 |  3.0
Fighting       | |  0.2
Unarmed Combat | |  0.8
Summonings     | |  0.4
Transmutations | |  0.8

Action                     |  1- 3 |  4- 6 || total
---------------------------+-------+-------++-------
  Melee: Unarmed           |    28 |     8 ||    36
         Punch             |     1 |       ||     1
         Halberd           |       |    16 ||    16
   Cast: Sandblast         |    31 |    68 ||    99
         Summon Small Mamm |     3 |     1 ||     4
         Passwall          |       |     3 ||     3
         Stone Arrow       |       |     2 ||     2
    Use: Scroll            |     3 |     3 ||     6
         Potion            |       |     1 ||     1
   Stab: Distracted        |     1 |       ||     1
 Armour: Robe              |     7 |    23 ||    30
  Dodge: Dodged            |    26 |    29 ||    55
